Map: Ascension to Aiur LE

Players

Railgan - Winner!

  • Race: Zerg Zerg
  • League: Grandmaster
  • Spawn Location: 5:00

A.I. 1 (Very Easy)

  • Race: Zerg Zerg
  • Spawn Location: 11:00

VOD

https://www.youtube.com/watch?v=qPKAoffCb-s

Description

Time

  • Played on: Sept. 8, 2017, 3:53 p.m.
  • Length: 7:36
Show
View Real Time Build Order
Export as new Build Order

Railgan Zerg - Winner!

Build Orders: Hatch First 

Get SALT Encoding   

  12  0:00  Drone  
  13  0:12  Overlord  
  13  0:17  Drone  
  14  0:30  Drone x2  
  14  0:35  Drone  
  17  0:52  Hatchery  
  17  0:55  Drone  
  17  0:58  Drone  
  18  1:10  Extractor  
  17  1:13  Spawning Pool  
  17  1:16  Drone  
  17  1:20  Drone  
  18  1:29  Drone  
  19  1:40  Overlord  
  19  2:00  Queen  
  21  2:02  Zergling x4  
  21  2:03  Queen  
  21  2:04  Zergling x2  
  26  2:11  Metabolic Boost  
  26  2:12  Drone  
  27  2:15  Drone  
  27  2:22  Drone  
  29  2:25  Drone  
  30  2:32  Drone  
  30  2:36  Drone  
  32  2:43  Queen  
  34  2:44  Overlord  
  34  2:48  Drone  
  35  2:55  Drone  
  36  2:58  Baneling Nest  
  36  3:00  Drone  
  36  3:04  Drone  
  37  3:08  Drone  
  37  3:09  Drone x2  
  37  3:10  Drone  
  41  3:15  Drone x3  
  44  3:20  Overlord  
  44  3:28  Hatchery  
  44  3:31  Overlord  
  44  3:33  Drone  
  44  3:39  Zergling x2  
  44  3:40  Drone  
  46  3:43  Drone x2  
  46  3:44  Drone  
  49  3:51  Drone x5  
  54  3:56  Baneling x2  
  54  3:58  Extractor x2, Baneling  
  51  4:04  Roach Warren  
  51  4:05  Lair  
  51  4:07  Drone  
  51  4:08  Drone  
  52  4:10  Drone  
  52  4:15  Drone x3  
  52  4:16  Drone  
  57  4:21  Overlord  
  57  4:24  Drone x2  
  58  4:28  Extractor  
  58  4:31  Evolution Chamber  
  57  4:34  Overlord  
  57  4:36  Drone x2  
  59  4:39  Overlord  
  59  4:48  Roach  
  59  4:49  Roach x3  
  67  4:53  Roach x2  
  67  4:55  Roach  
  67  4:58  Zerg Missile Weapons Level 1  
  73  5:03  Glial Reconstitution  
  73  5:06  Roach x2  
  79  5:07  Roach  
  79  5:12  Overlord x2  
  79  5:15  Overlord  
  79  5:24  Overlord  
  79  5:27  Roach x4  
  87  5:29  Roach  
  87  5:34  Roach x2  
  93  5:36  Roach  
  93  5:37  Roach  
  93  5:42  Roach x2  
  101  5:45  Roach  
  101  5:48  Roach  
  101  5:49  Roach  
  107  5:53  Roach x2  
  107  5:54  Roach  
  113  6:01  Roach x3  
  118  6:04  Roach x2  
  118  6:07  Overlord  
  122  6:12  Overlord  
  122  6:18  Overlord  
  123  6:25  Drone  
  123  6:26  Drone x5  
  123  6:28  Drone  
  123  6:29  Ravager  
  123  6:30  Overlord  
  123  6:31  Ravager  
  123  6:32  Ravager x3  
  134  6:33  Drone x3  
  134  6:34  Drone  
  134  6:36  Drone  
  134  6:39  Drone  
  140  6:42  Roach x2  
  144  6:50  Roach  
  144  6:51  Roach x3  
  152  6:54  Roach  
  153  7:03  Overlord, Unknown  
  153  7:12  Overlord  
  153  7:15  Overlord  
  153  7:23  Extractor  
  153  7:25  Extractor  
Show
View Real Time Build Order
Export as new Build Order

A.I. 1 (Very Easy) Zerg 

Build Orders: Pool First 

Get SALT Encoding   

  12  0:00  Drone  
  13  0:12  Overlord  
  13  0:17  Drone  
  14  0:35  Spawning Pool  
  13  0:37  Extractor  
  13  0:40  Drone  
  13  0:47  Drone  
  14  0:53  Overlord  
  14  1:22  Zergling x2  
  14  1:24  Queen  
  17  1:33  Roach Warren  
  17  1:37  Drone  
  17  1:39  Zergling x2  
  18  1:41  Extractor  
  18  1:44  Drone  
  18  1:56  Zergling x2  
  18  1:58  Drone  
  20  2:09  Drone  
  21  2:20  Drone  
  22  2:31  Drone  
  22  2:32  Overlord  
  23  2:38  Drone  
  24  2:45  Drone  
  25  5:40  Drone, Lair  
  26  5:47  Drone  
  27  5:51  Zergling x2  
  27  5:54  Drone  
  28  6:01  Drone  
  28  6:02  Overlord  
  28  6:03  Hatchery  
  26  6:08  Drone  
  27  6:15  Zergling x2  
  27  6:16  Drone  
  29  6:23  Drone  
  30  6:37  Overseer  
  30  6:38  Overseer  
  30  6:39  Zergling x2, Spire  
  27  7:04  Zergling x2  
  28  7:11  Overlord  
  28  7:16  Drone  
Tags
 
Add a new tag
Caveats
  • Supply blocks, unpowered buildings, or Contaminate may cause inaccurate times.
  • Supply counts are checked every 10 seconds.